 Dungeon Crawl Stone Soup version 0.31-a0-656-gb4d89c20fa (webtiles) character file.

Game seed: 16978849029829718118

4459 heikuro the Cleaver (level 10, 0/79 HPs)
             Began as a Formicid Fighter on Aug 31, 2023.
             Was an Elder of Okawaru.
             Succumbed to a gnoll's poison
             ... on level 9 of the Dungeon.
             The game lasted 00:18:05 (7510 turns).

heikuro the Cleaver (Formicid Fighter)              Turns: 7510, Time: 00:18:06

Health: 0/79       AC: 18    Str: 26    XL:     10   Next: 63%
Magic:  10/14      EV:  6    Int:  7    God:    Okawaru [****..]
Gold:   263        SH: 11    Dex: 13    Spells: 9/9 levels left

rFire   . . .        a - +0 battleaxe
rCold   . . .        H - +0 kite shield
rNeg    . . .        y - +0 plate armour
rPois   .            (helmet unavailable)
rElec   .            n - +2 cloak
rCorr   +            F - +0 pair of gloves
SInv    +            (no boots)
Will    +....        D - amulet of guardian spirit Stlth
                     l - ring of resist corrosion
HPRegen 0.33/turn    (no ring)
MPRegen 0.14/turn

%: guardian spirit
@: lethally poisoned (0 -> -17)
A: permanent stasis, dig shafts and tunnels, antennae 3, four strong arms
a: Dig, Shaft Self, Renounce Religion, Heroism, Finesse


You were on level 9 of the Dungeon.
You worshipped Okawaru.
Okawaru was greatly pleased with you.
You visited 2 branches of the dungeon, and saw 10 of its levels.

You collected 455 gold pieces.
You spent 192 gold pieces at shops.

Inventory:

Hand Weapons
 a - a +0 battleaxe (weapon)
 e - a +0 spear
 B - a +1 heavy hand axe
 J - a +2 long sword of flaming
 K - a +2 whip of venom
Missiles
 c - 2 throwing nets
 h - 18 poisoned darts (quivered)
Armour
 n - a +2 cloak (worn)
 y - a +0 plate armour (worn)
 F - a +0 pair of gloves (worn)
 H - a +0 kite shield (worn)
Jewellery
 g - an amulet of magic regeneration
 l - a ring of resist corrosion (left hand)
 C - a ring of flight
 D - an amulet of guardian spirit (around neck)
 G - a ring of ice
Wands
 i - a wand of iceblast (6)
 v - a wand of flame (15)
Scrolls
 j - 2 scrolls of poison {unknown}
 k - 2 scrolls of enchant armour {unknown}
 o - 3 scrolls of enchant weapon {unknown}
 q - 3 scrolls of fear {unknown}
 r - a scroll of noise {unknown}
 s - a scroll of revelation {unknown}
 w - a scroll of fog
 x - a scroll of acquirement {unknown}
 E - 3 scrolls of amnesia {unknown}
 I - a scroll of silence {unknown}
 L - a scroll of identify
Potions
 b - a potion of enlightenment
 d - 4 potions of might
 f - 3 potions of invisibility
 m - a potion of attraction
 p - 2 potions of heal wounds
 t - 2 potions of magic {unknown}
 u - 2 potions of brilliance {unknown}
 z - 2 potions of curing
 A - 2 potions of resistance {unknown}


   Skills:
 + Level 7.6 Fighting
 * Level 9.1 Axes
 + Level 7.6 Armour
 + Level 9.0 Shields
 + Level 5.9 Invocations


You had 9 spell levels left.
You didn't know any spells.
Your spell library contained the following spells:

 Spells                   Type           Power      Damage    Failure   Level
 Freeze                   Ice            0%         1d3       100%        1
 Sandblast                Erth           0%         2d4       100%        1
 Ensorcelled Hibernation  Hex/Ice        0%         N/A       100%        2
 Passwall                 Tmut/Erth      0%         N/A       100%        2
 Poisonous Vapours        Pois/Air       0%         N/A       100%        2
 Frozen Ramparts          Ice            0%         1d1       100%        3
 Gell's Gravitas          Tloc           0%         N/A       100%        3
 Hailstorm                Conj/Ice       0%         3d3       100%        3
 Mephitic Cloud           Conj/Pois/Air  0%         N/A       100%        3
 Stone Arrow              Conj/Erth      0%         3d7       100%        3
 Teleport Other           Tloc           0%         N/A       100%        3
 Anguish                  Hex/Necr       0%         N/A       100%        4
 Freezing Cloud           Conj/Ice/Air   0%         6-21      100%        5
 Dispersal                Tloc           0%         N/A       100%        6


Dungeon Overview and Level Annotations

Branches:
Dungeon (9/15)             Temple (1/1) D:4            Lair (0/5) D:8
    Orc: D:9-12

Altars:
Ashenzari
Cheibriados
Dithmenos
Elyvilon
Fedhas
Gozag
Hepliaklqana
Makhleb
Nemelex Xobeh
Okawaru
Ru
Sif Muna
Trog
Uskayaw
Vehumet
Wu Jian
Xom
Yredelemnul
Zin
The Shining One

Shops:
D:1 :   D:8 *[

Annotations:
Temple 2 transporters


Innate Abilities, Weirdness & Mutations

You cannot be hasted, slowed, berserked, paralysed or teleported.
You can dig through walls and to a lower floor.
You have a pair of large antennae on your head. (SInv)
Your four strong arms can wield two-handed weapons with a shield.


Message History

Unknown command.
You feel very sick. The gnoll hits you but does no damage.
You feel sick.
You feel sick.
You feel sick. The gnoll attacks as it pursues you!
You block the gnoll's attack.
You feel sick.
You feel sick. The gnoll attacks as it pursues you!
The gnoll hits you but does no damage.
You feel sick. The gnoll attacks as it pursues you!
You block the gnoll's attack.
You feel sick. The gnoll attacks as it pursues you!
You block the gnoll's attack.
You feel sick.
The gnoll throws a throwing net.
The throwing net hits you.
You become entangled in the net!
The gnoll attacks as it pursues you! The gnoll hits you but does no damage.
You are more poisoned.
You see here a throwing net.
You struggle against the net.
You feel very sick.
The gnoll hits you from afar with a +1 spear of venom.
* * * LOW HITPOINT WARNING * * *
You are more poisoned.
You struggle against the net.
You feel very sick.
The gnoll hits you from afar with a +1 spear of venom.
* * * LOW HITPOINT WARNING * * *
You are lethally poisoned!
You struggle against the net.
* * * LOW HITPOINT WARNING * * *
You feel very sick.
The gnoll hits you from afar with a +1 spear of venom.
* * * LOW HITPOINT WARNING * * *
You are more poisoned.
You shred the net and break free!
* * * LOW HITPOINT WARNING * * *
You feel very sick. The gnoll hits you but does no damage.
You block the gnoll's attack.
You die...

#.# #.# #.# #.#
#.# #.# #.# #)#
#@# #.#
#########.###
........gg.>#
........#z#.#
....###.#'#+####
.. #........#
#........#
###........#


You could see a wight and 2 gnolls.

Vanquished Creatures
  An ugly thing (D:7)
  A troll (D:7)
  An acid dragon (D:8)
  A water moccasin (D:3)
  3 sky beasts
  2 orc warriors
  3 ice beasts
  2 black bears
  3 ogres
  A centaur (D:8)
  A kobold brigand (D:7)
  4 bullfrogs
  3 gnoll sergeants
  5 scorpions
  5 wights (D:7)
  4 killer bees
  2 howler monkeys (D:8)
  4 hounds
  A gnoll bouda (D:7)
  2 jellies
  8 orc priests
  A sleepcap (D:7)
  7 orc wizards
  Ijyb (D:3)
  A centaur simulacrum (D:7)
  A mummy (D:7)
  6 adders
  11 gnolls
  4 white imps
  3 ufetubi
  A worm (D:2)
  18 orcs
  10 ball pythons
  8 bats
  6 endoplasms
  3 giant cockroaches
  16 goblins
  11 hobgoblins
  6 jackals
  7 quokkas
  3 frilled lizards
  A hobgoblin zombie (D:7)
  9 kobolds
  A kobold zombie (D:7)
  2 orc zombies (D:7)
  4 rats
198 creatures vanquished.

Vanquished Creatures (others)
  An orc wizard (D:6)
1 creature vanquished.

Grand Total: 199 creatures vanquished

Notes
Turn   | Place    | Note
-------+----------+-------------------------------------------
     0 | D:1      | heikuro the Formicid Fighter began the quest for the Orb.
     0 | D:1      | Reached XP level 1. HP: 18/18 MP: 1/1
    80 | D:1      | Reached XP level 2. HP: 24/24 MP: 2/2
   162 | D:1      | Reached XP level 3. HP: 27/29 MP: 3/3
   588 | D:1      | Found Tagaorel's Book Boutique.
   791 | D:2      | Reached XP level 4. HP: 31/37 MP: 4/4
  1694 | D:3      | Noticed a water moccasin
  1710 | D:3      | Killed a water moccasin
  1711 | D:3      | Reached skill level 5 in Shields
  1711 | D:3      | Reached XP level 5. HP: 6/42 MP: 5/5
  1711 | D:3      | Reached XP level 6. HP: 7/48 MP: 6/6
  1981 | D:3      | Found a broken altar of Ashenzari.
  1985 | D:3      | Saw a vision of the Shoals and the Snake Pit.
  1985 | D:3      | Noticed a merfolk avatar
  1985 | D:3      | Noticed a merfolk
  1985 | D:3      | Noticed a skyshark
  1985 | D:3      | Noticed a harpy
  1985 | D:3      | Noticed a manticore
  1985 | D:3      | Noticed a merfolk
  1985 | D:3      | Noticed a merfolk
  1985 | D:3      | Noticed a naga mage
  1985 | D:3      | Noticed a mana viper
  1985 | D:3      | Noticed a salamander
  1985 | D:3      | Noticed a naga
  1985 | D:3      | Noticed a naga sharpshooter
  1985 | D:3      | Noticed a naga
  1985 | D:3      | Noticed a naga sharpshooter
  1985 | D:3      | Noticed a naga
  1985 | D:3      | Noticed a naga
  1985 | D:3      | Noticed a guardian serpent
  1985 | D:3      | Noticed a black mamba
  1986 | D:3      | Noticed a merfolk aquamancer
  1986 | D:3      | Noticed a naga sharpshooter
  1986 | D:3      | Noticed a shock serpent
  1986 | D:3      | Noticed a merfolk siren
  1988 | D:3      | Noticed a merfolk
  1988 | D:3      | Noticed a mana viper
  2246 | D:3      | Noticed Ijyb
  2260 | D:3      | Killed Ijyb
  2506 | D:4      | Noticed an ogre
  2661 | D:4      | Killed an ogre
  2662 | D:4      | Reached XP level 7. HP: 9/55 MP: 7/7
  3332 | D:4      | Found a staircase to the Ecumenical Temple.
  3337 | Temple   | Found a transporter.
  3337 | Temple   | Found a transporter.
  3337 | Temple   | Found a transporter.
  3337 | Temple   | Found a transporter.
  3337 | Temple   | Entered the Ecumenical Temple
  3355 | Temple   | Became a worshipper of Warmaster Okawaru
  3467 | D:5      | Entered Level 5 of the Dungeon
  3540 | D:5      | Reached skill level 5 in Axes
  3632 | D:5      | Reached skill level 5 in Fighting
  3632 | D:5      | Reached skill level 5 in Armour
  3632 | D:5      | Reached skill level 1 in Invocations
  3700 | D:5      | Reached * piety under Okawaru
  3701 | D:5      | Reached XP level 8. HP: 49/62 MP: 5/9
  5018 | D:6      | Reached ** piety under Okawaru
  5019 | D:6      | Reached XP level 9. HP: 59/69 MP: 8/11
  5627 | D:7      | Reached *** piety under Okawaru
  5885 | D:7      | Reached XP level 10. HP: 61/77 MP: 10/13
  5993 | D:7      | Reached skill level 5 in Invocations
  6040 | D:7      | Noticed a purple ugly thing
  6051 | D:7      | Killed a purple ugly thing
  6051 | D:7      | Reached **** piety under Okawaru
  6698 | D:8      | Found a staircase to the Lair.
  6710 | D:8      | Found Esieb's Island Escapes.
  6834 | D:8      | Bought a ring of flight for 192 gold pieces
  6878 | D:8      | Found Qoumif's Armour Shoppe.
  7510 | D:9      | Succumbed to a gnoll's poison

Illustrated notes

Levels and vault maps discovered:
D:1:      dpeg_arrival_connections, layout_basic, serial_shops,
          nicolae_shop_hallway_stairs, minmay_pentomino_w4
D:2:      layout_loops_ring, chequers_jeans, minmay_stone_trees_medium,
          kennysheep_generic_room_12
D:3:      kennysheep_goblin_castle, layout_basic, grunt_ashenzari_visionary
          [grunt_ashenzari_visionary_shoals, grunt_ashenzari_visionary_snake]
D:4:      layout_cave_pools, temple_doors_ab
D:5:      wander_river, layout_loops_ring, uniq_ijyb
D:6:      layout_loops_ring
D:7:      nzn_winding_woodlands_three_and_one
          [nzn_winding_woodlands_5x15_parted,
          nzn_winding_woodlands_5x15_pockets,
          nzn_winding_woodlands_5x15_crooked,
          nzn_winding_woodlands_center_diamonds], layout_cave_pools,
          minmay_mini_ossuary
D:8:      layout_rooms, lair_entry_dummy, serial_shops, shop, interstate_on_off,
          nicolae_island_escapes
D:9:      layout_basic, hellmonk_ghost_happy_afterlife, uniq_psyche,
          uniq_jeremiah
Temple:   hellmonk_temple_divided_pantheon

Skill      XL: |  1  2  3  4  5  6  7  8  9 10 |
---------------+-------------------------------+-----
Axes           | 3 4 5 6 8 9 |  9.1
Fighting       | 4 5 6 7 |  7.6
Armour         | 4 5 6 7 |  7.6
Shields        | 5 6 7 8 9 |  9.0
Invocations    | 1 3 4 5 |  5.9

Action                     |  1- 3 |  4- 6 |  7- 9 | 10-12 || total
---------------------------+-------+-------+-------+-------++-------
  Melee: Spear             |    10 |       |       |       ||    10
         War axe           |    72 |   124 |    50 |       ||   246
         Hand axe          |       |       |   183 |    87 ||   270
         Battleaxe         |       |       |       |    25 ||    25
  Throw: Dart              |       |     5 |       |       ||     5
 Invoke: Heroism           |       |       |       |     1 ||     1
    Use: Potion            |       |     2 |       |     1 ||     3
         Scroll            |       |       |     2 |     4 ||     6
 Armour: Scale mail        |    49 |    62 |       |       ||   111
         Chain mail        |       |    13 |    18 |       ||    31
         Plate armour      |       |       |   171 |    80 ||   251
  Dodge: Dodged            |    61 |    50 |    87 |    30 ||   228
  Block: Buckler           |    23 |    34 |    33 |       ||    90
         Kite shield       |       |       |    79 |    93 ||   172

Table legend: (Time is in decaauts)
 A = Elapsed time spent in this place.
 B = Non-inter-level travel time spent in this place.
 C = Inter-level travel time spent in this place.
 D = Time resting spent in this place.
 E = Time spent auto-exploring this place.
 F = Levels seen in this place.
 G = Mean time per level.
                   A        B        C        D        E       F      G
               +--------+--------+--------+--------+--------+-----+--------+
         Total |   7755 |   7392 |    363 |    759 |   4242 |  10 |  775.5 |
       Dungeon |   7719 |   7356 |    363 |    759 |   4242 |   9 |  857.7 |
        Temple |     36 |     36 |      0 |      0 |      0 |   1 |   36.0 |
               +--------+--------+--------+--------+--------+-----+--------+

Top non-repeatable levels by time:
     D:7: 1262 daAuts
     D:5: 1071 daAuts
     D:6: 1031 daAuts
     D:3: 1017 daAuts
     D:4: 918 daAuts
     D:2: 818 daAuts
     D:1: 762 daAuts
     D:8: 711 daAuts
     D:9: 125 daAuts
  Temple: 36 daAuts
